 Dungeon Crawl Stone Soup version 0.23-a0-182-g58cdd98f8d (webtiles) character file.

803 PikkenKukken the Cudgeler (level 7, -12/64 HPs)
             Began as a Deep Dwarf Fighter on Sept 20, 2018.
             Was an Initiate of Makhleb.
             Mangled by an ogre
             ... wielding a +0 giant club
              (15 damage)
             ... on level 4 of the Dungeon.
             The game lasted 00:08:32 (4147 turns).

PikkenKukken the Cudgeler (Deep Dwarf Fighter)      Turns: 4147, Time: 00:08:32

Health: -12/64     AC: 12    Str: 21    XL:     7   Next: 59%
Magic:  4/4        EV:  4    Int:  9    God:    Makhleb [......]
Gold:   121        SH:  7    Dex: 12    Spells: 6/6 levels left

rFire    . . .     SeeInvis .   a - +0 flail
rCold    + . .     Gourm    .   c - +0 shield
rNeg     . . .     Faith    .   i - +0 chain mail
rPois    +         Spirit   .   (no helmet)
rElec    .         Reflect  .   b - +2 cloak
rCorr    .         Harm     .   j - +0 pair of gloves
MR       +....                  (no boots)
Stlth    ..........             (no amulet)
HPRegen  0.00/turn              d - ring of protection from cold (curse)
MPRegen  0.09/turn              r - ring of poison resistance

@: non-regenerating, extremely drained
A: damage resistance, heal wounds, blink, blurry vision 1, sense surroundings 1,
no regeneration
a: Heal Wounds, Blink, Renounce Religion


You were on level 4 of the Dungeon.
You worshipped Makhleb.
Makhleb was noncommittal.
You were hungry.

You visited 2 branches of the dungeon, and saw 5 of its levels.
You also visited: Sewer.

You collected 121 gold pieces.

Inventory:

Hand Weapons
 a - a +0 flail (weapon)
Armour
 b - a +2 cloak (worn)
 c - a +0 shield (worn)
 i - a +0 chain mail (worn)
 j - a +0 pair of gloves (worn)
Jewellery
 d - a cursed ring of protection from cold (left hand)
 q - an uncursed ring of stealth
 r - a ring of poison resistance (right hand)
Wands
 l - a wand of iceblast (8)
Potions
 e - 2 potions of lignification
 g - a potion of haste {unknown}
 h - 4 potions of curing {unknown}
 k - 5 potions of agility
 m - 3 potions of heal wounds {unknown}
 n - 2 potions of flight {unknown}
 o - 3 potions of brilliance {unknown}
 p - a potion of might
Comestibles
 f - 9 rations


   Skills:
 + Level 4.3(0.0) Fighting
 * Level 5.7(0.0) Maces & Flails
 + Level 5.2(0.0) Armour
 + Level 0.1(0.0) Dodging
 + Level 5.3(0.0) Shields
 + Level 0.3(0.0) Invocations


You had 6 spell levels left.
You didn't know any spells.
Your spell library contained the following spells:

 Spells                   Type           Power        Failure   Level  Hunger
 Beastly Appendage        Tmut           #.....       100%        1    ##.....
 Magic Dart               Conj           #...         100%        1    ##.....
 Blink                    Tloc           N/A          100%        2    ###....
 Call Imp                 Summ           #.......     100%        2    ###....
 Slow                     Hex            #.......     100%        2    ###....
 Sticks to Snakes         Tmut           #.......     100%        2    ###....
 Conjure Flame            Conj/Fire      #.......     100%        3    ####...
 Mephitic Cloud           Conj/Pois/Air  #.......     100%        3    ####...
 Spider Form              Tmut/Pois      #.........   100%        3    ####...
 Ice Form                 Ice/Tmut       #.......     100%        4    #####..
 Blade Hands              Tmut           #.........   100%        5    ######.


Dungeon Overview and Level Annotations

Branches:
Dungeon (4/15)             Temple (1/1) D:4

Altars:
Ashenzari
Cheibriados
Dithmenos
Elyvilon
Gozag
Kikubaaqudgha
Makhleb
Uskayaw
Wu Jian
Xom
Yredelemnul
Zin


Innate Abilities, Weirdness & Mutations

You are resistant to damage.
You can heal yourself by infusing magical energy.
You passively map a small area around you.
You do not regenerate.
You can translocate small distances at will.
Scrolls take you a little longer to read.


Message History

Unknown command.
You hit the ogre but do no damage.
The ogre is severely wounded.
The ogre hits you with a giant club.
You hit the ogre.
The ogre is severely wounded.
You block the ogre's attack.
You hit the ogre.
The ogre is almost dead.
The ogre barely misses you. The ogre hits you with a giant club.
* * * LOW HITPOINT WARNING * * *
Unknown command.
You hit the ogre.
The ogre is almost dead.
The ogre hits you with a giant club.
* * * LOW HITPOINT WARNING * * *
Your shield and chain mail prevent you from hitting the ogre.
The ogre is almost dead.
The ogre hits you with a giant club!!
You die...

#.....##.###.##...######
#........# #.# ....#
##..###..###.#* .##
#..###......# *
#.......##### #.####..#
#.####..# +# #.......# *
... #######@# .... *
###.#O####.....,
#........r.....
#>............. ,
*#.....###O.....
#......# ..... #..#####
,*.... #.. ... #. **
***+#


You could see an ogre.

Vanquished Creatures
  Eustachio (D:4)
  An orc warrior (D:3)
  An orc priest (D:3)
  Crazy Yiuf (D:2)
  3 hounds (D:4)
  An orc wizard (D:3)
  A worker ant (D:2)
  3 gnolls (D:3)
  9 adders
  10 river rats
  4 worms
  A dart slug (D:2)
  3 leopard geckos
  4 orcs
  6 giant cockroaches
  12 goblins
  14 hobgoblins
  11 jackals
  26 kobolds
  3 quokkas (D:4)
  4 ball pythons (Sewer)
  6 bats
  10 frilled lizards
  21 rats
156 creatures vanquished.

Vanquished Creatures (others)
  An orc wizard (D:3)
1 creature vanquished.

Grand Total: 157 creatures vanquished

Notes
Turn   | Place    | Note
-------+----------+-------------------------------------------
     0 | D:1      | PikkenKukken the Deep Dwarf Fighter began the quest for the
                  | Orb.
     0 | D:1      | Reached XP level 1. HP: 20/20 MP: 1/1
   113 | D:1      | Reached XP level 2. HP: 24/27 MP: 2/2
   582 | D:1      | Reached XP level 3. HP: 24/33 MP: 3/3
  1645 | D:2      | Gained mutation: Scrolls take you a little longer to read.
                  | [potion of mutation]
  1645 | D:2      | Gained mutation: You can translocate small distances at
                  | will. [potion of mutation]
  1653 | D:2      | Found a runed door.
  1657 | D:2      | Noticed Crazy Yiuf
  1660 | D:2      | HP: 1/34 [Crazy Yiuf/quarterstaff of chaos (4)]
  1675 | D:2      | Killed Crazy Yiuf
  1675 | D:2      | Reached XP level 4. HP: 13/42 MP: 3/3
  1897 | D:3      | Reached XP level 5. HP: 37/49 MP: 4/4
  1920 | D:3      | Noticed an orc warrior
  1946 | D:3      | Killed an orc warrior
  1956 | D:3      | Reached XP level 6. HP: 49/56 MP: 3/3
  2643 | D:4      | Found a glowing drain.
  2647 | Sewer    | Entered a sewer
  2755 | Sewer    | Reached skill level 5 in Maces & Flails
  2800 | Sewer    | Reached XP level 7. HP: 35/63 MP: 4/4
  3045 | Sewer    | Reached skill level 5 in Shields
  3326 | D:4      | Noticed Eustachio
  3332 | D:4      | Reached skill level 5 in Armour
  3434 | D:4      | Killed Eustachio
  3803 | D:4      | Found a staircase to the Ecumenical Temple.
  3829 | Temple   | Entered the Ecumenical Temple
  4013 | Temple   | Became a worshipper of Makhleb the Destroyer
  4146 | D:4      | HP: 3/64 [ogre/giant club (2)]
  4147 | D:4      | Mangled by an ogre

Vault maps used:
D:1:      minmay_arrival_solitary_statue
D:2:      glass_columns_a, minmay_misc_feat_square, uniq_crazy_yiuf_cottage
D:4:      minmay_temple_entry_large_hall, gup_sewer_entry_bowl, uniq_eustachio
Temple:   dpeg_chambers_temple
Sewer:    sewer_minmay_treatment

Skill      XL: |  1  2  3  4  5  6  7 |
---------------+----------------------+-----
Fighting       | 3 4 |  4.3
Maces & Flails | 3 4 5 |  5.7
Armour         | 4 5 |  5.2
Shields        | 4 5 |  5.3
Dodging        | |  0.1
Invocations    | |  0.3

Action                   |  1- 3 |  4- 6 |  7- 9 || total
-------------------------+-------+-------+-------++-------
Melee: Flail             |   207 |   280 |   270 ||   757
 Abil: Heal Wounds       |     1 |     5 |     4 ||    10
       Blink             |       |       |     1 ||     1
  Use: Scroll            |     6 |     5 |       ||    11
       Potion            |     1 |     1 |       ||     2
  Eat: Chunk             |     2 |     5 |     5 ||    12
Armor: Scale mail        |    11 |       |       ||    11
       Chain mail        |   112 |   272 |   366 ||   750
Dodge: Dodged            |    46 |    95 |   128 ||   269
Block: Shield            |   102 |   248 |   213 ||   563

Table legend:
 A = Non-vault XP
 B = Vault XP
 C = Vault XP percentage of total XP
 D = Non-vault monster count
 E = Vault monster count
 F = Vault count percentage of total count
                 A         B        C        D         E       F
            +---------+---------+-------+---------+---------+-------
      Total |     669 |     479 |  41.7 |     103 |      54 |  34.4
            +---------+---------+-------+---------+---------+-------
        D:1 |      50 |       0 |   0.0 |      29 |       0 |   0.0
        D:2 |      88 |      40 |  31.2 |      26 |       1 |   3.7
        D:3 |     388 |       0 |   0.0 |      37 |       0 |   0.0
        D:4 |     143 |     221 |  60.7 |      11 |       5 |  31.2
      Sewer |       0 |     218 | 100.0 |       0 |      48 | 100.0
            +---------+---------+-------+---------+---------+-------
